 Dungeon Crawl Stone Soup version 0.32-a0-918-g0f22ef8d61 (webtiles) character file.

Game seed: 15579854352831241060

106 dynoo the Cudgeller (level 4, -3/41 HPs)
             Began as a Gnoll Chaos Knight on Apr 10, 2024.
             Was a Plaything of Xom.
             Slain by Ijyb the fire bat (shapeshifter) (9 damage)
             ... on level 3 of the Dungeon.
             The game lasted 00:03:49 (1305 turns).

dynoo the Cudgeller (Gnoll Chaos Knight)            Turns: 1305, Time: 00:03:50

Health: -3/41      AC:  5    Str: 13    XL:     4   Next: 84%
Magic:  5/5        EV: 11    Int: 15    God:    Xom [....*.]
Gold:   128        SH:  0    Dex: 10    Spells: 5/5 levels left

rFire   . . .        a - +0 mace (chaos)
rCold   . . .        (no shield)
rNeg    . . .        b - +2 leather armour
rPois   .            (no helmet)
rElec   .            (no cloak)
rCorr   .            (no gloves)
SInv    .            (no boots)
Will    .....        (no amulet)
Stlth   +            (no ring)
HPRegen 0.26/turn    (no ring)
MPRegen 0.09/turn

%: no passive effects
@: no status effects
A: fangs 1, strong nose, distributed training, clever 1
a: Renounce Religion


You were on level 3 of the Dungeon.
You worshipped Xom.
You were a beloved toy of Xom.
You visited 1 branch of the dungeon, and saw 3 of its levels.

You collected 128 gold pieces.

Inventory:

Hand Weapons
 a - a +0 mace of chaos (weapon)
Armour
 b - a +2 leather armour (worn)
Jewellery
 j - a ring of positive energy
Scrolls
 c - a scroll of butterflies
 e - a scroll of acquirement {unknown}
 f - 4 scrolls of identify {unknown}
 g - a scroll of teleportation {unknown}
 h - a scroll of brand weapon {unknown}
 i - 2 scrolls of fear {unknown}
 m - a scroll of enchant armour {unknown}
Potions
 d - a potion of lignification {unknown}
 k - a potion of ambrosia {unknown}
 l - a potion of curing {unknown}
 n - a potion of invisibility {unknown}
 o - a potion of mutation {unknown}
 p - a potion of brilliance {unknown}


   Skills:
 + Level 6.6 Fighting
 + Level 1.3 Short Blades
 + Level 1.3 Long Blades
 + Level 1.3 Axes
 + Level 6.6 Maces & Flails
 + Level 1.3 Polearms
 + Level 1.3 Staves
 + Level 1.3 Ranged Weapons
 + Level 1.3 Throwing
 + Level 4.7 Armour
 + Level 2.8 Dodging
 + Level 1.3 Stealth
 + Level 1.3 Shields
 + Level 1.3 Unarmed Combat
 + Level 1.3 Spellcasting
 + Level 1.0 Conjurations
 + Level 1.0 Hexes
 + Level 1.0 Summonings
 + Level 1.0 Necromancy
 + Level 1.0 Translocations
 + Level 1.0 Fire Magic
 + Level 1.0 Ice Magic
 + Level 1.0 Air Magic
 + Level 1.0 Earth Magic
 + Level 1.0 Alchemy
 + Level 1.4 Invocations
 + Level 1.3 Evocations
 + Level 1.2 Shapeshifting


You had 5 spell levels left.
You didn't know any spells.
Your spell library was empty.

Dungeon Overview and Level Annotations

Branches:
Dungeon (3/15)

Altars:
Dithmenos

Annotations:
D:2 Natasha
D:3 Ijyb


Innate Abilities, Weirdness & Mutations

You have very sharp teeth.
Your uncanny sense of smell can sniff out nearby items.
Your experience applies equally to all skills.
Your mind is acute. (Int +4, Str/Dex -1)


Message History

You hit Ijyb but do no damage.
Ijyb is poisoned.
Ijyb hits you with a +0 dagger.
You hit Ijyb but do no damage. Ijyb closely misses you.
You hit Ijyb but do no damage. You bite Ijyb.
Ijyb is lightly wounded.
You hear Xom's avuncular chuckle.
Ijyb changes into a shapeshifter!
Ijyb looks momentarily different.
You hit Ijyb.
Ijyb is lightly wounded.
Ijyb the shapeshifter changes into a killer bee!
You completely miss Ijyb.
Xom titters.
Ijyb looks rather confused.
Ijyb the killer bee changes into a fire bat!
You closely miss Ijyb. You bite Ijyb, but do no damage.
Ijyb bites you but does no damage. Ijyb bites you but does no damage.
Things that are here:
a +0 dagger; a +0 chain mail; a wand of iceblast (4)
You barely miss Ijyb. Ijyb bites you.
You are engulfed in flames!
Ijyb closely misses you. Ijyb barely misses you.
You see here a staff of fire.
Ijyb closely misses you.
Things that are here:
a +0 hand axe; an orc corpse Ijyb completely misses you.
You barely miss Ijyb. Ijyb barely misses you. Ijyb bites you.
You are engulfed in flames!
* * * LOW HITPOINT WARNING * * *
Ijyb closely misses you.
Things that are here:
a +0 hand axe; an orc corpse Ijyb bites you but does no damage.
You see here a staff of fire.
Ijyb bites you.
* * * LOW HITPOINT WARNING * * *
You are engulfed in flames!
You die...
Xom is highly amused!

##r..#
############.#.#
#............#
#............#
###............#
#.........(....#
###............(.#
........b........#
.......@|).......#
.......####....#.#####
####### #..........# ∆
##.###.###.###
#.#..........
#####.#...#......
#................
#.......[.......)
#...........†....


You could see Ijyb the fire bat shaped shifter.

Vanquished Creatures
  3 adders
  3 gnolls
  2 ribbon worms
  A dart slug (D:1)
  An orc (D:3)
  3 bats (D:1)
  4 endoplasms
  2 giant cockroaches
  3 goblins
  2 hobgoblins
  3 jackals (D:3)
  A quokka (D:1)
  2 ball pythons (D:1)
  2 frilled lizards
  6 kobolds
  4 rats
42 creatures vanquished.

Notes
Turn   | Place    | Note
-------+----------+-------------------------------------------
     0 | D:1      | dynoo the Gnoll Chaos Knight began the quest for the Orb.
     0 | D:1      | Reached XP level 1. HP: 23/23 MP: 1/1
   176 | D:1      | Reached XP level 2. HP: 19/29 MP: 2/2
   503 | D:1      | Reached XP level 3. HP: 35/35 MP: 3/3
   571 | D:1      | XOM: cloud trail
   640 | D:1      | XOM: give mutation
   640 | D:1      | Gained mutation: Your mind is acute. (Int +4, Str/Dex -1)
                  | [Xom's grace]
   670 | D:2      | Reached skill level 1 in Invocations
   702 | D:2      | XOM: divination: detect creatures
   806 | D:2      | Reached skill level 1 in Short Blades
   806 | D:2      | Reached skill level 1 in Long Blades
   806 | D:2      | Reached skill level 1 in Axes
   806 | D:2      | Reached skill level 1 in Polearms
   806 | D:2      | Reached skill level 1 in Staves
   806 | D:2      | Reached skill level 1 in Ranged Weapons
   806 | D:2      | Reached skill level 1 in Throwing
   806 | D:2      | Reached skill level 1 in Stealth
   806 | D:2      | Reached skill level 1 in Shields
   806 | D:2      | Reached skill level 1 in Unarmed Combat
   806 | D:2      | Reached skill level 1 in Spellcasting
   806 | D:2      | Reached skill level 1 in Evocations
   906 | D:2      | Noticed Natasha
  1091 | D:3      | Reached skill level 1 in Shapeshifting
  1091 | D:3      | Reached XP level 4. HP: 41/41 MP: 5/5
  1091 | D:3      | Found a shadowy altar of Dithmenos.
  1136 | D:3      | XOM: divination: detect items
  1188 | D:3      | Noticed a scorpion
  1190 | D:3      | Reached skill level 1 in Conjurations
  1190 | D:3      | Reached skill level 1 in Hexes
  1190 | D:3      | Reached skill level 1 in Summonings
  1190 | D:3      | Reached skill level 1 in Necromancy
  1190 | D:3      | Reached skill level 1 in Translocations
  1190 | D:3      | Reached skill level 1 in Fire Magic
  1190 | D:3      | Reached skill level 1 in Ice Magic
  1190 | D:3      | Reached skill level 1 in Air Magic
  1190 | D:3      | Reached skill level 1 in Earth Magic
  1190 | D:3      | Reached skill level 1 in Alchemy
  1193 | D:3      | XOM: 7-stop teleportation journey
  1279 | D:3      | Noticed Ijyb
  1287 | D:3      | XOM: god gift: staff of fire
  1293 | D:3      | Ijyb changed into Ijyb the shapeshifter
  1293 | D:3      | Noticed Ijyb (shapeshifter)
  1293 | D:3      | XOM: polymorph Ijyb -> Ijyb the shapeshifter
  1294 | D:3      | Ijyb the shapeshifter changed into Ijyb the killer bee
  1295 | D:3      | XOM: confuse monster(s)
  1295 | D:3      | Ijyb the killer bee changed into Ijyb the fire bat
  1295 | D:3      | Noticed Ijyb (shapeshifter)
  1305 | D:3      | Slain by Ijyb the fire bat (shapeshifter)

Illustrated notes

Levels and vault maps discovered:
D:1:      spicycebolla_arrival_ecumenical, layout_loops_ring, glass_columns_a,
          hangedman_feature_mirror, due_unseen_surprise
D:2:      layout_basic, uniq_crazy_yiuf_cottage, uniq_natasha
D:3:      layout_basic, palyth_temple_overflow_mages,
          grunt_dithmenos_smoke_and_mirrors, dreamdust_wishing_well, uniq_ijyb

Skill      XL: |  1  2  3  4 |
---------------+-------------+-----
Invocations    | 1 |  1.4
Short Blades   | 1 |  1.3
Long Blades    | 1 |  1.3
Axes           | 1 |  1.3
Polearms       | 1 |  1.3
Staves         | 1 |  1.3
Ranged Weapons | 1 |  1.3
Throwing       | 1 |  1.3
Stealth        | 1 |  1.3
Shields        | 1 |  1.3
Unarmed Combat | 1 |  1.3
Spellcasting   | 1 |  1.3
Evocations     | 1 |  1.3
Shapeshifting  | 1 |  1.2
Conjurations   | 1 |  1.0
Hexes          | 1 |  1.0
Summonings     | 1 |  1.0
Necromancy     | 1 |  1.0
Translocations | 1 |  1.0
Fire Magic     | 1 |  1.0
Ice Magic      | 1 |  1.0
Air Magic      | 1 |  1.0
Earth Magic    | 1 |  1.0
Alchemy        | 1 |  1.0
Fighting       | |  6.6
Maces & Flails | |  6.6
Armour         | |  4.7
Dodging        | |  2.8

Action                     |  1- 3 |  4- 6 || total
---------------------------+-------+-------++-------
  Melee: Mace              |    89 |    45 ||   134
         Bite              |     3 |     3 ||     6
 Armour: Leather armour    |    75 |    45 ||   120
  Dodge: Dodged            |    39 |    29 ||    68

Table legend: (Time is in decaauts)
 A = Elapsed time spent in this place.
 B = Non-inter-level travel time spent in this place.
 C = Inter-level travel time spent in this place.
 D = Time resting spent in this place.
 E = Time spent auto-exploring this place.
 F = Levels seen in this place.
 G = Mean time per level.
                   A        B        C        D        E       F      G
               +--------+--------+--------+--------+--------+-----+--------+
         Total |   1315 |   1315 |      0 |     84 |    856 |   3 |  438.3 |
       Dungeon |   1315 |   1315 |      0 |     84 |    856 |   3 |  438.3 |
               +--------+--------+--------+--------+--------+-----+--------+

Top non-repeatable levels by time:
     D:1: 666 daAuts
     D:3: 391 daAuts
     D:2: 257 daAuts
